 Dungeon Crawl Stone Soup version 0.28.0-53-g5a82cb258f (webtiles) character file.

Game seed: 9368529558684041720

643 bnorton916 the Magician (level 7, 0/36 HPs)
             Began as a Deep Elf Fire Elementalist on June 10, 2022.
             Shot with an arrow by a centaur (6 damage)
             ... on level 5 of the Dungeon.
             The game lasted 00:03:53 (5379 turns).

bnorton916 the Magician (DEFE)                      Turns: 5379, Time: 00:03:54

Health: 0/36       AC:  5    Str:  5    XL:     7   Next: 26%
Magic:  18/18      EV: 12    Int: 22    God:
Gold:   220        SH:  0    Dex: 15    Spells: 13/19 levels left

rFire   . . .      SeeInvis .   h - +1 whip (elec)
rCold   . . .      Faith    .   (no shield)
rNeg    . . .      Spirit   .   a - +0 robe
rPois   .          Reflect  .   (no helmet)
rElec   .          Harm     .   n - +1 cloak
rCorr   .          Rampage  .   (no gloves)
Will    +....                   c - +0 pair of boots
Stlth   ++........              (no amulet)
HPRegen 0.12/turn               i - ring of willpower
MPRegen 0.16/turn               (no ring)

@: no status effects
A: no striking features
a: no special abilities


You were on level 5 of the Dungeon.
You visited 1 branch of the dungeon, and saw 5 of its levels.

You collected 220 gold pieces.

Inventory:

Hand Weapons
 h - a +1 whip of electrocution (weapon)
 o - a +2 trident of venom
Missiles
 d - 109 stones
 l - 3 poisoned darts
 m - a throwing net
Armour
 a - a +0 robe (worn)
 c - a +0 pair of boots (worn)
 k - an orb of wrath
 n - a +1 cloak (worn)
Magical Staves
 j - a staff of cold
Jewellery
 i - a ring of willpower (left hand)
Scrolls
 b - a scroll of enchant weapon {unknown}
 f - 4 scrolls of identify {unknown}
 p - a scroll of blinking {unknown}
 q - a scroll of immolation {unknown}
Potions
 e - 3 potions of brilliance {unknown}
 g - a potion of lignification {unknown}


   Skills:
 - Level 2.4 Dodging
 - Level 2.4 Stealth
 + Level 6.6 Spellcasting
 + Level 5.0 Conjurations
 + Level 5.9 Fire Magic


You had 13 spell levels left.
You knew the following spells:

 Your Spells              Type           Power      Damage    Failure   Level
a - Foxfire               Conj/Fire      100%       2x1d9     1%          1
b - Scorch                Fire           66%        2d8       1%          2
c - Conjure Flame         Conj/Fire      31%        6-21      2%          3

Your spell library contained the following spells:

 Spells                   Type           Power      Damage    Failure   Level
 Inner Flame              Hex/Fire       20%        N/A       8%          3
 Flame Wave               Conj/Fire      31%        2d8       9%          4
 Gell's Gravitas          Tloc           7%         N/A       26%         3
 Teleport Other           Tloc           7%         N/A       26%         3
 Tukima's Dance           Hex            7%         N/A       26%         3
 Passage of Golubria      Tloc           7%         N/A       65%         4
 Yara's Violent Unravell  Hex/Tmut       3%         3d4       94%         5
 Dispersal                Tloc           3%         N/A       100%        6
 Summon Cactus Giant      Summ           3%         N/A       100%        6


Dungeon Overview and Level Annotations

Branches:
Dungeon (5/15)
 Temple: D:4-7

Altars:
Trog

Shops:
D:5 (

Annotations:
D:4 Grinder


Message History

The adder is severely wounded.
The adder hisses angrily.
The foxfire hits the adder.
The adder is almost dead.
The foxfire hits the adder.
The adder is almost dead.
Casting: Foxfire (safe; 1% risk of failure)
Confirm with . or Enter, or press ? or * to list all spells.
You conjure some foxfire!
The foxfire hits the adder.
You kill the adder!
Your foxfire dissipates!
There is an entrance to Pawef's Weapon Shop here.
Unknown command.
You now have 155 gold pieces (gained 12).
You now have 171 gold pieces (gained 16).
You now have 186 gold pieces (gained 15).
Found a hand axe.
Found a fine chain mail.
You now have 206 gold pieces (gained 20).
q - a scroll labelled SAMUGO POCAPN You now have 220 gold pieces (gained 14). 2 centaurs come into view.
The centaur shouts! x2
The centaur wields a +0 shortbow.
The centaur shoots an arrow.
The arrow hits you.
The centaur wields a +0 shortbow.
The centaur shoots an arrow.
The arrow hits you.
The centaur shoots an arrow.
The arrow hits you.
The centaur shoots an arrow.
The arrow hits you.
The centaur shoots an arrow.
The arrow closely misses you.
The centaur shoots an arrow.
The arrow hits you!
The centaur shoots an arrow.
The arrow hits you but does no damage.
The centaur shoots an arrow.
The arrow barely misses you.
The centaur shoots an arrow.
The arrow hits you!
* * * LOW HITPOINT WARNING * * *
The centaur shoots an arrow.
The arrow barely misses you.
The centaur shoots an arrow.
The arrow hits you.
* * * LOW HITPOINT WARNING * * *
The centaur shoots an arrow.
The arrow hits you.
You die...

#...................# #
.###...............#
#.####..........#.#
####.#.####..........#.#
.)...................#.#
###..................#.#
.....................#.#
###..................#.#
....[.......@....#.#
........)........#.#
.......####........#
....... #........#
....... #........#
....... #........# #.###
#........# #......c.c.
#..........


You could see 2 centaurs.

Vanquished Creatures
  A water moccasin (D:5)
  An ice beast (D:4)
  A wyvern zombie (D:4)
  A water moccasin zombie (D:5)
  A howler monkey (D:3)
  A hound (D:5)
  An orc priest (D:4)
  A jelly (D:5)
  Natasha (D:3)
  10 adders
  A gnoll (D:1)
  A worm (D:2)
  A dart slug (D:2)
  14 orcs
  5 endoplasms
  A giant cockroach (D:3)
  6 goblins
  6 hobgoblins
  A kobold (D:2)
  3 quokkas
  A ball python (D:2)
  7 bats
  3 frilled lizards
  11 rats
  A bush (D:1)
81 creatures vanquished.

Vanquished Creatures (collateral kills)
  4 foxfires (D:1)
4 creatures vanquished.

Vanquished Creatures (others)
  333 foxfires
333 creatures vanquished.

Grand Total: 418 creatures vanquished

Notes
Turn   | Place    | Note
-------+----------+-------------------------------------------
     0 | D:1      | bnorton916 the Deep Elf Fire Elementalist began the quest
                  | for the Orb.
     0 | D:1      | Reached XP level 1. HP: 10/10 MP: 6/6
   413 | D:1      | Reached XP level 2. HP: 15/15 MP: 2/8
   723 | D:1      | Found a faded altar of an unknown god.
  1617 | D:2      | Reached XP level 3. HP: 19/19 MP: 5/10
  1797 | D:2      | Reached skill level 4 in Spellcasting
  1845 | D:2      | Reached XP level 4. HP: 12/24 MP: 6/12
  2711 | D:2      | Found a bloodstained altar of Trog.
  3533 | D:2      | Learned a level 2 spell: Scorch
  3826 | D:3      | Reached XP level 5. HP: 28/28 MP: 10/14
  3833 | D:3      | Noticed Natasha
  3843 | D:3      | Killed Natasha
  3844 | D:3      | Reached skill level 5 in Spellcasting
  4405 | D:4      | Noticed an ice beast
  4414 | D:4      | Killed an ice beast
  4415 | D:4      | Reached skill level 5 in Fire Magic
  4415 | D:4      | Reached XP level 6. HP: 18/32 MP: 5/16
  4965 | D:4      | Learned a level 3 spell: Conjure Flame
  5059 | D:4      | Noticed Grinder
  5089 | D:5      | Entered Level 5 of the Dungeon
  5111 | D:5      | Reached skill level 6 in Spellcasting
  5136 | D:5      | Reached XP level 7. HP: 28/36 MP: 0/18
  5279 | D:5      | Reached skill level 5 in Conjurations
  5306 | D:5      | Found Pawef's Weapon Shop.
  5379 | D:5      | Shot with an arrow by a centaur

Illustrated notes

Levels and vault maps discovered:
D:1:      roderic_dead_forest, layout_basic,
          dreamdust_ecumenical_altar_angels_and_demons, serial_forest,
          infiniplex_forest_join, infiniplex_forest_clump_double,
          infiniplex_forest_lined_ring, infiniplex_forest_pool,
          infiniplex_forest_end_double, infiniplex_forest_straight_2,
          infiniplex_forest_end_1
D:2:      minmay_recursive_quarters, layout_basic, basic_altar
D:3:      layout_rooms, uniq_natasha
D:4:      layout_rooms, uniq_blork_the_orc, uniq_grinder
D:5:      layout_basic, mainiacjoe_overflow_alcove_1, temple_fountains,
          serial_shops, nicolae_shop_bloodbath_and_beyond

Skill      XL: |  1  2  3  4  5  6  7 |
---------------+----------------------+-----
Conjurations   | 2 3 4 5 |  5.0
Spellcasting   | 4 5 6 |  6.6
Fire Magic     | 4 5 |  5.9
Dodging        | |  2.4
Stealth        | |  2.4

Action                   |  1- 3 |  4- 6 |  7- 9 || total
-------------------------+-------+-------+-------++-------
Melee: Whip              |    47 |     5 |       ||    52
 Cast: Foxfire           |    82 |   128 |     5 ||   215
       Scorch            |       |    18 |     1 ||    19
Armor: Robe              |     4 |     9 |     1 ||    14
Dodge: Dodged            |    21 |    35 |     5 ||    61
